 Dungeon Crawl Stone Soup version 0.26-a0-519-gb2f46ef (webtiles) character file.

Game seed: 13630440864592371388

34 sauken the Insei (level 3, 0/29 HPs)
             Began as a Barachi Warper on Aug 11, 2020.
             Splashed by a jelly's acid (3 damage)
             ... on level 4 of the Dungeon.
             The game lasted 00:03:35 (849 turns).

sauken the Insei (Barachi Warper)                    Turns: 849, Time: 00:03:35

Health: 0/29       AC:  0    Str: 12    XL:     3   Next: 31%
Magic:  6/6        EV: 12    Int: 13    God:
Gold:   76         SH:  0    Dex: 12    Spells: 6/6 levels left

rFire    x . .     SeeInvis .     - Unarmed
rCold    + . .     Faith    .   (no shield)
rNeg     . . .     Spirit   .   a - +0 leather armour
rPois    .         Reflect  .   (no helmet)
rElec    .         Harm     .   m - +0 cloak
rCorr    .                      (no gloves)
MR       .....                  (no boots)
Stlth    +.........             (no amulet)
HPRegen  0.09/turn              j - ring of ice (curse) {rC+, rF-}
MPRegen  0.10/turn              (no ring)

@: corroded, slow
A: +LOS, swims, slowness 1, strong legs 1
a: Hop


You were on level 4 of the Dungeon.
You visited 1 branch of the dungeon, and saw 4 of its levels.

You collected 76 gold pieces.

Inventory:

Missiles
 f - 21 sling bullets
 Q - 3 stones (quivered)
Armour
 a - a +0 leather armour (worn)
 l - a +0 buckler
 m - a +0 cloak (worn)
Jewellery
 j - a cursed ring of ice (left hand) {rC+, rF-}
Scrolls
 b - a scroll of remove curse {unknown}
 c - a scroll of blinking {!r}
 e - a scroll of magic mapping {unknown}
 k - a scroll of identify {unknown}
Potions
 d - a potion of ambrosia {unknown}
 g - 2 potions of haste {unknown}
 h - a potion of brilliance {unknown}
 i - a potion of lignification {unknown}


   Skills:
 + Level 3.2 Fighting
 - Level 1.0 Throwing
 - Level 1.2 Armour
 - Level 2.1 Dodging
 * Level 3.5 Unarmed Combat
 - Level 2.1 Spellcasting
   Level 3.2 Translocations


You had 6 spell levels left.
You didn't know any spells.
Your spell library contained the following spells:

 Spells                   Type           Power        Failure   Level
 Blink                    Tloc           N/A          12%         2
 Gell's Gravitas          Tloc           #.........   24%         3
 Lesser Beckoning         Tloc           #.........   24%         3
 Teleport Other           Tloc           #.......     24%         3
 Passage of Golubria      Tloc           N/A          63%         4


Dungeon Overview and Level Annotations

Branches:
Dungeon (4/15)
 Temple: D:4-7

Altars:

Annotations:
D:4 Menkaure


Innate Abilities, Weirdness & Mutations

You can be seen from farther away. (+LOS)
You can swim through water.
You cover ground slowly.
You can hop short distances.


Message History

The jelly quivers.
A phantom comes into view.
You hit the jelly.
Your hands burn!
The jelly closely misses you.
You take 5 damage, and have 24/29 hp.
You hit the jelly.
Your hands burn!
The jelly hits you. The acid corrodes you!
You are splashed with acid!
* * * LOW HITPOINT WARNING * * *
You take 11 damage, and have 13/29 hp.
GAME OVER YEAH!!
You hit the jelly but do no damage.
Your hands burn!
* * * LOW HITPOINT WARNING * * *
The jelly hits you.
* * * LOW HITPOINT WARNING * * *
You are splashed with acid.
* * * LOW HITPOINT WARNING * * *
You take 10 damage, and have 3/29 hp.
GAME OVER YEAH!!
You hit the jelly.
Your hands burn!
You die...

#............
##########...........
##.......##.....≈.....
#........##......⌠≈...
#........##.....≈≈≈...
#.....................
#.....................
#.....................
#....@...##....##.....
#...J....##....##.....
#........##....##.....
#........##...........
#W.......#........ ..
..........#......... .
...........#.........
. ............# .
............# .

Skill      XL: |  1  2 |
---------------+-------+-----
Fighting       | 3 |  3.2
Unarmed Combat | 3 |  3.5
Throwing       | |  1.0
Armour         | |  1.2
Dodging        | |  2.1
Spellcasting   | |  2.1
Translocations | |  3.2

Notes
Turn   | Place    | Note
-------+----------+-------------------------------------------
     0 | D:1      | sauken the Barachi Warper began the quest for the Orb.
     0 | D:1      | Reached XP level 1. HP: 17/17 MP: 3/3
   159 | D:1      | Reached XP level 2. HP: 17/23 MP: 5/5
   257 | D:2      | Reached skill level 3 in Fighting
   257 | D:2      | Reached skill level 3 in Unarmed Combat
   328 | D:2      | Reached XP level 3. HP: 14/29 MP: 6/6
   583 | D:4      | Noticed Menkaure
   845 | D:4      | Noticed a phantom
   848 | D:4      | HP: 3/29 [acid (5)]
   849 | D:4      | Splashed by a jelly's acid

Table legend: (Time is in decaauts)
 A = Elapsed time spent in this place.
 B = Non-inter-level travel time spent in this place.
 C = Inter-level travel time spent in this place.
 D = Time resting spent in this place.
 E = Time spent auto-exploring this place.
 F = Levels seen in this place.
 G = Mean time per level.
                   A        B        C        D        E       F      G
               +--------+--------+--------+--------+--------+-----+--------+
         Total |    918 |    918 |      0 |    337 |     14 |   4 |  229.5 |
       Dungeon |    918 |    918 |      0 |    337 |     14 |   4 |  229.5 |
               +--------+--------+--------+--------+--------+-----+--------+

Top non-repeatable levels by time:
     D:1: 283 daAuts
     D:4: 267 daAuts
     D:2: 248 daAuts
     D:3: 119 daAuts

Table legend:
 A = Kills in this place as a percentage of kills in entire the game.
 B = Kills by you in this place as a percentage of kills by you in the entire game.
 C = Kills by friends in this place as a percentage of kills by friends in the entire game.
 D = Other kills in this place as a percentage of other kills in the entire game.
 E = Experience gained in this place as a percentage of experience gained in the entire game.
 F = Experience gained in this place divided by the number of levels of this place that you have seen.
                   A       B       C       D       E      F
               +-------+-------+-------+-------+-------+----------------------
         Total | 100.0 | 100.0 |   N/A |   N/A | 100.0 |  12.2
       Dungeon | 100.0 | 100.0 |   N/A |   N/A | 100.0 |  12.2
               +-------+-------+-------+-------+-------+----------------------

Action                   || total
-------------------------++-------
Melee: Unarmed           ||    89
       Punch             ||     1
Throw: Stone             ||     4
       Boomerang         ||     5
Armor: Leather armour    ||    18
Dodge: Dodged            ||    55

Vanquished Creatures
  An adder (D:2)
  3 leopard geckos
  2 ball pythons
  A goblin (D:1)
  3 hobgoblins (D:1)
  3 jackals (D:2)
  A bat (D:3)
  3 frilled lizards
  4 kobolds
  A rat (D:3)
22 creatures vanquished. You could see a phantom and a jelly.

Levels and vault maps discovered:
D:1:      sevenhm_arrival_forest_fort_small_6, layout_loops_ring
D:2:      layout_basic
D:3:      layout_loops_ring, cheibrodos_ashenzari_chains, portal_sewer_entry_d
D:4:      layout_gridville, grunt_temple_overflow_open,
          corexii_leaking_fountain, uniq_menkaure
